[Event "Late-Titled-Tuesday-Blitz-May-07-2024"]
[Site "Chess.com"]
[Date "2024.05.07"]
[Round "6"]
[White "robertoalejandro10"]
[Black "brouetoscope"]
[Result "1/2-1/2"]
[WhiteElo "2506"]
[BlackElo "2332"]
[TimeControl "180+1"]
[EndTime "15:08:46 PDT"]
[Termination "Game drawn by stalemate"]

1. Nf3 Nf6 2. b3 c5 3. Bb2 Nc6 4. c4 e6 5. g3 d5 6. Bg2 d4 7. O-O Be7 8. d3 O-O 9. Na3 e5 10. Nc2 a5 11. a3 Bd6 12. Bc1 h6 13. Bd2 Re8 14. b4 axb4 15. axb4 Rxa1 16. Qxa1 Qc7 17. bxc5 Bxc5 18. Rb1 b6 19. Nb4 Nxb4 20. Bxb4 Nd7 21. Qa4 Re7 22. Nd2 Kh7 23. Ne4 f5 24. Nxc5 bxc5 25.
Ba5 Qd6 26. Qc6 Qxc6 27. Bxc6 Nf6 28. Bd8 Re6 29. Bxf6 gxf6 30. Bd5 Re7 31. Rb6 Kg6 32. Rc6 Bb7 33. Rxc5 Bxd5 34. Rxd5 Ra7 35. Kg2 Ra2 36. Kf3 Rc2 37. Rd8 Rc3 38. Kg2 Rc2 39. Kf3 Rc3 40.
h4 e4+ 41. Kf4 exd3 42. exd3 Rxd3 43. f3 Rd1 44. Rd5 d3 45. Rxf5 Rc1 46. Rd5 Rxc4+ 47. Ke3 h5 48. Rxd3 Ra4 49. Rd4 Ra5 50. Re4 Rb5 51. Kf4 Rf5+ 52. Ke3 Rb5 53. Rc4 Ra5 54. Rc6 Rb5 55. f4 Kf5 56. Rc8 Rb3+ 57. Kf2 Rb2+ 58. Kf3 Rb3+ 59. Kg2 Ra3 60. Kh3 Rb3 61. Rc5+ Kg6 62. Rd5 Ra3 63. Rd2 Ra6 64. Rf2 f5 65. Rd2 Rb6 66. Rd3 Ra6 67. Kg2 Re6 68. Kf3 Ra6 69. Ke3 Rb6 70. Kd4 Rd6+ 71. Kc4 Ra6 72.
Kd5 Ra8 73. Ke5 Re8+ 74. Kd4 Rd8+ 75. Kc3 Rc8+ 76. Kd2 Rc6 77. Rd4 Ra6 78. Kd3 Ra3+ 79. Ke2 Rxg3 80. Rd6+ Kg7 81. Rd5 Kg6 82. Rd6+ Kg7 83.
Kf2 Rg4 84. Kf3 Rxh4 85. Rd7+ Kg6 86. Rd6+ Kf7 87. Rd7+ Ke6 88. Rh7 Rh3+ 89. Kg2 Rh4 90. Kg3 Rg4+ 91. Kf3 h4 92. Rh6+ Kd5 93. Rh5 Rg3+ 94.
Kf2 Ke4 95. Rxh4 Rf3+ 96. Ke2 Rxf4 97. Rxf4+ Kxf4 98. Kf2 Kg4 99. Kg2 f4 100. Kf2 f3 101.
Kf1 Kg3 102. Kg1 f2+ 103. Kf1 Kf3 1/2-1/2

[Event "Late-Titled-Tuesday-Blitz-May-07-2024"]
[Site "Chess.com"]
[Date "2024.05.07"]
[Round "6"]
[White "ACollins05"]
[Black "nochewycandy"]
[Result "0-1"]
[WhiteElo "2533"]
[BlackElo "2782"]
[TimeControl "180+1"]
[EndTime "15:09:22 PDT"]
[Termination "nochewycandy won by checkmate"]

1. Nf3 d5 2. e3 c5 3. b3 a6 4. Bb2 Nc6 5. d4 Bg4 6. Be2 Nf6 7. Nbd2 e6 8. O-O cxd4 9. Nxd4 Bxe2 10.
Qxe2 Rc8 11. c4 Bd6 12. Rac1 Nxd4 13. Bxd4 O-O 14. cxd5 Nxd5 15. Ne4 Rxc1 16. Rxc1 Ba3 17. Rd1 Qh4 18. Nc3 Ne7 19. Qf3 Nc6 20. Qe4 Qh5 21.
Qc2 Rc8 22. Qe2 Qg6 23. Bb6 Bb4 24. Na4 h5 25. Bc5 Ba5 26. Bb6 Bb4 27. Bc5 b5 28.
Nb6 Rc7 29. Na8 Rb7 30. Bxb4 Nxb4 31. Qf3 Nd5 32. e4 Nf6 33. Rd8+ Kh7 34. e5 Qb1+ 35.
Rd1 Qc2 36. exf6 g6 37. h4 Qc8 38. g3 Ra7 39. Nb6 Qc2 40. Rd7 Rxd7 41. Nxd7 Qd2 42. Qb7 g5 43. hxg5 Qxg5 44. Nb6 Qxf6 45. Qxa6 h4 46.
Qxb5 h3 47. Qh5+ Kg7 48. Qxh3 Qa1+ 49. Qf1 Qd4 50. Nc4 f5 51. Qe2 Kf7 52. a4 Qa1+ 53. Kg2 Qb1 54. a5 Qxb3 55. Ne3 Qa4 56. Qa6 Qe4+ 57. Kh2 f4 58. Qa7+ Kg6 59. gxf4 Qxf4+ 60. Kg2 Qe4+ 61. Kf1 Qd3+ 62. Ke1 Qc3+ 63. Ke2 Qb2+ 64.
Kd3 Qb1+ 65. Kd4 Qb2+ 66. Kc5 Qc3+ 67. Kd6 Qd4+ 68. Kxe6 Qxa7 69. Kd5 Qxa5+ 70. Ke4 Qb4+ 71. Kf3 Qb7+ 72. Kf4 Kf6 73. Ng4+ Ke6 74. Ne3 Qb4+ 75. Kf3 Qc3 76. Ke4 Qb4+ 77. Kd3 Qa4 78. Nc4 Qb3+ 79. Kd4 Qc2 80. f3 Qf2+ 81. Ke4 Qe2+ 82. Ne3 Kf6 83. Kf4 Qd2 84. Ke4 Kg5 85. Nd5 Qe2+ 86. Ne3 Kh4 87. Kf4 Qd2 88. Ke4 Kh3 89. Nf5 Qc2+ 90. Kf4 Qc1+ 91.
Ne3 Kh4 92. Ke4 Kg3 93. Nf5+ Kf2 94. Nd4 Qe3+ 95. Kd5 Qd3 96. Ke5 Ke3 97. Nf5+ Kxf3 98. Nd4+ Ke3 99. Nf5+ Kf2 100. Nd4 Qc4 101. Nf5 Kf3 102. Nd4+ Ke3 103. Nf5+ Kd3 104. Nd6 Qd4+ 105. Ke6 Qc5 106. Nf5 Ke4 107. Nd6+ Kf4 108. Nf7 Qf5+ 109. Ke7 Qg6 110. Nd6 Ke5 111. Nf7+ Kd5 112. Kf8 Ke6 113. Nd8+ Kf6 114. Nc6 Qf7# 0-1

[Event "Late-Titled-Tuesday-Blitz-May-07-2024"]
[Site "Chess.com"]
[Date "2024.05.07"]
[Round "7"]
[White "esrosenberg"]
[Black "Caterpiller35"]
[Result "1-0"]
[WhiteElo "2334"]
[BlackElo "2425"]
[TimeControl "180+1"]
[EndTime "15:12:14 PDT"]
[Termination "esrosenberg won by resignation"]

1. d4 Nf6 2. Nf3 e6 3. g3 d5 4.
Bg2 Be7 5. O-O O-O 6. c4 dxc4 7. Na3 Bxa3 8. bxa3 Nbd7 9. a4 a5 10. Ba3 Nb6 11.
Bxf8 Qxf8 12. Ne5 c6 13. Rb1 Nfd5 14. Rc1 Qb4 15. e4 Nc3 16. Qf3 f6 17. Nxc6 Ncxa4 18. Nxb4 1-0

[Event "Late-Titled-Tuesday-Blitz-May-07-2024"]
[Site "Chess.com"]
[Date "2024.05.07"]
[Round "7"]
[White "jaramsdal"]
[Black "JaackCamel"]
[Result "1-0"]
[WhiteElo "2392"]
[BlackElo "2216"]
[TimeControl "180+1"]
[EndTime "15:12:30 PDT"]
[Termination "jaramsdal won by resignation"]

1. e4 e6 2. d4 d5 3. Nd2 c5 4. exd5 Qxd5 5. Ngf3 cxd4 6. Bc4 Qd6 7. O-O Nf6 8. Re1 Nc6 9. Ne4 Nxe4 10. Rxe4 Qb4 11.
Bb3 Be7 12. Nxd4 Nxd4 13. Rxd4 Qa5 14. Bd2 Qc5 15. Bb4 Qc7 16. Ba4+ Kf8 17. Rd8+ 1-0

[Event "Late-Titled-Tuesday-Blitz-May-07-2024"]
[Site "Chess.com"]
[Date "2024.05.07"]
[Round "7"]
[White "youngdinousaur"]
[Black "Sandstad"]
[Result "0-1"]
[WhiteElo "2307"]
[BlackElo "2434"]
[TimeControl "180+1"]
[EndTime "15:12:44 PDT"]
[Termination "Sandstad won by resignation"]

1. d4 d5 2. Nf3 Nf6 3. Bf4 c5 4. e3 Nc6 5. c3 Bg4 6. Qb3 Qc8 7.
Nbd2 e6 8. Ne5 Nxe5 9. Bxe5 a6 10. h3 Bh5 11. g4 Bg6 12. Bg2 Nd7 13. Bg3 Be7 14. O-O O-O 15. c4 cxd4 16. cxd5 dxe3 17.
dxe6 exd2 18. Bxb7 Nc5 0-1

[Event "Late-Titled-Tuesday-Blitz-May-07-2024"]
[Site "Chess.com"]
[Date "2024.05.07"]
[Round "7"]
[White "Akhayan"]
[Black "1800_strength"]
[Result "1-0"]
[WhiteElo "2432"]
[BlackElo "2751"]
[TimeControl "180+1"]
[EndTime "15:13:03 PDT"]
[Termination "Akhayan won by resignation"]

1. e4 a5 2. d4 Ra6 3. Bxa6 Nxa6 4. Nc3 b6 5. Nf3 Bb7 6. O-O g6 7. Be3 Bg7 8. a3 e6 9. d5 Ne7 10. d6 cxd6 11. Qxd6 Nc8 12. Qd2 O-O 13. Rad1 Re8 14.
Qxd7 Qxd7 15. Rxd7 Bc6 16. Rd2 Bxc3 17. bxc3 Bxe4 18.
Rfd1 f6 19. Rd8 Kf7 20. R1d7+ Ne7 21. Bxb6 Bxc2 22. Nd4 Ba4 23. Rxe8 Bxd7 24. Ra8 e5 25. Rxa6 exd4 26. Bxd4 1-0

[Event "Late-Titled-Tuesday-Blitz-May-07-2024"]
[Site "Chess.com"]
[Date "2024.05.07"]
[Round "7"]
[White "TanitoluwaAps116"]
[Black "maximnovik"]
[Result "1-0"]
[WhiteElo "2742"]
[BlackElo "2484"]
[TimeControl "180+1"]
[EndTime "15:13:15 PDT"]
[Termination "TanitoluwaAps116 won by resignation"]

1. e4 e5 2. Nf3 Nc6 3. Bc4 Nf6 4. d3 Bc5 5. O-O d6 6. c3 a6 7. a4 Ba7 8. Re1 O-O 9. Bg5 Ne7 10. Bxf6 gxf6 11.
Nh4 f5 12. Qh5 f4 13. Nd2 Be6 14. Ndf3 Bxc4 15. Ng5 Re8 16. Qxh7+ Kf8 17. dxc4 1-0

[Event "Late-Titled-Tuesday-Blitz-May-07-2024"]
[Site "Chess.com"]
[Date "2024.05.07"]
[Round "7"]
[White "Der_Balak_3Halak"]
[Black "ACollins05"]
[Result "0-1"]
[WhiteElo "2396"]
[BlackElo "2538"]
[TimeControl "180+1"]
[EndTime "15:13:38 PDT"]
[Termination "ACollins05 won by resignation"]

1. e4 a6 2. a3 b5 3. a4 Bb7 4.
axb5 axb5 5. Rxa8 Bxa8 6. f3 b4 7. d4 e6 8. c3 c5 9. Be3 d6 10. Bb5+ Bc6 11. Qa4 Qd7 12. Bxc6 Qxc6 13. Qa7 Nd7 14. Ne2 Be7 15. Nd2 Ngf6 16. c4 O-O 17. d5 Qa8 18. Qxa8 Rxa8 19. O-O Ra2 20. dxe6 fxe6 21.
Rb1 Ne5 22. Nc1 Ra8 23. h3 Nc6 24. Ndb3 Ne5 25. Nd2 Nfd7 26. f4 Nc6 27. Ne2 Bf6 28.
g4 Ra2 29. g5 Bxb2 30. Nc1 Bxc1 31. Rxc1 Nd4 32. Bxd4 Rxd2 33. Be3 Rd3 34. Kf2 Nb6 35. f5 exf5 36. exf5 Rc3 37. Rd1 Nxc4 38. Ra1 Nxe3 39. g6 hxg6 40. fxg6 Kf8 0-1

[Event "Late-Titled-Tuesday-Blitz-May-07-2024"]
[Site "Chess.com"]
[Date "2024.05.07"]
[Round "7"]
[White "shirovin"]
[Black "Slovafn"]
[Result "0-1"]
[WhiteElo "2101"]
[BlackElo "2426"]
[TimeControl "180+1"]
[EndTime "15:13:46 PDT"]
[Termination "Slovafn won by checkmate"]

1. e4 c5 2. Nf3 d6 3. d4 cxd4 4. Nxd4 Nf6 5. Nc3 g6 6. Be3 Bg7 7. f3 Nc6 8. Qd2 O-O 9. Bc4 Nxd4 10. Bxd4 Be6 11. Bb3 Qa5 12. O-O-O b5 13. Kb1 b4 14. Nd5 Bxd5 15. exd5 Qb5 16. g4 a5 17.
g5 Nh5 18. Bxg7 Kxg7 19. Qd4+ Kg8 20. Bc4 Qb7 21. Be2 a4 22. f4 Ng7 23. Bg4 b3 24. cxb3 axb3 25. a3 Qb5 26. h4 Ra4 27. Qe3 Qc4 28.
Rhf1 Qc2+ 29. Ka1 Rxa3+ 30. bxa3 Qa2# 0-1

[Event "Late-Titled-Tuesday-Blitz-May-07-2024"]
[Site "Chess.com"]
[Date "2024.05.07"]
[Round "7"]
[White "maurovargas01"]
[Black "FMalexhdez"]
[Result "0-1"]
[WhiteElo "1959"]
[BlackElo "2215"]
[TimeControl "180+1"]
[EndTime "15:13:51 PDT"]
[Termination "FMalexhdez won by checkmate"]

1. e4 c5 2. Nc3 d6 3. f4 e5 4. d3 Nc6 5. Nf3 Be7 6. g3 Nf6 7.
Bg2 Nd4 8. Nd5 Nxd5 9. exd5 O-O 10. fxe5 dxe5 11. Nxe5 Bf6 12. Nc4 Re8+ 13. Kf1 Bg4 14. Qxg4 Nxc2 15. Rb1 Re1+ 16. Kf2 Qe7 17. Bf3 Rxh1 18.
Bxh1 Qe1+ 19. Kg2 Re8 20. Kh3 Qxh1 21. Be3 Qxb1 22. Bf4 Qf1# 0-1

[Event "Late-Titled-Tuesday-Blitz-May-07-2024"]
[Site "Chess.com"]
[Date "2024.05.07"]
[Round "7"]
[White "Yaacovn"]
[Black "Thjop"]
[Result "1-0"]
[WhiteElo "2841"]
[BlackElo "2607"]
[TimeControl "180+1"]
[EndTime "15:13:54 PDT"]
[Termination "Yaacovn won by resignation"]

1. d4 Nf6 2. e3 g6 3. Nf3 Bg7 4.
Be2 O-O 5. O-O d6 6. b3 e5 7. dxe5 dxe5 8. Ba3 Qxd1 9. Rxd1 Re8 10. Nc3 a6 11. Ng5 e4 12. Bc4 Be6 13. Bxe6 fxe6 14. Rab1 Nc6 15. Ncxe4 Nxe4 16. Nxe4 b6 17. c4 Rad8 18. Kf1 Be5 19. Ke2 Rxd1 20. Rxd1 Rd8 21. Rxd8+ Nxd8 22. f4 Bg7 23. g4 h6 24. h4 Kf7 25. h5 gxh5 26. gxh5 Nc6 27. Kf3 Bh8 28.
Nf2 Bg7 29. Ng4 Nb8 30. Bb4 Nd7 31. e4 a5 32. Ba3 Nb8 33. e5 Nc6 34. Ke4 Nb8 35.
Bb2 Nc6 36. Bc3 Ne7 37. Ne3 Bf8 38. f5 exf5+ 39. Nxf5 Ke6 40. Nd4+ Kf7 41. Bd2 Ng8 42. Nf5 Ke6 43. Be3 c5 44. Bd2 Ne7 45. Nxe7 1-0

[Event "Late-Titled-Tuesday-Blitz-May-07-2024"]
[Site "Chess.com"]
[Date "2024.05.07"]
[Round "7"]
[White "NM_Koval"]
[Black "katharinareinecke"]
[Result "1-0"]
[WhiteElo "2239"]
[BlackElo "1928"]
[TimeControl "180+1"]
[EndTime "15:13:55 PDT"]
[Termination "NM_Koval won by checkmate"]

1. d4 d5 2. c4 c6 3. Nc3 Nf6 4.
Bg5 e6 5. e3 Be7 6. cxd5 exd5 7. Bd3 h6 8. Bh4 O-O 9. Nge2 Re8 10. O-O Nbd7 11. f3 Nf8 12. Qd2 Ne6 13. Bf2 Bf8 14.
e4 dxe4 15. fxe4 Ng5 16. Ng3 b6 17. Rad1 Bb7 18. Be3 Qc8 19. Bxg5 hxg5 20. Qxg5 c5 21. Rxf6 Be7 22. e5 Bxf6 23. exf6 g6 24. Bxg6 cxd4 25.
Bh7+ Kxh7 26. Qg7# 1-0

[Event "Late-Titled-Tuesday-Blitz-May-07-2024"]
[Site "Chess.com"]
[Date "2024.05.07"]
[Round "7"]
[White "PenguinPacks"]
[Black "mfschulz"]
[Result "0-1"]
[WhiteElo "2477"]
[BlackElo "2355"]
[TimeControl "180+1"]
[EndTime "15:14:03 PDT"]
[Termination "mfschulz won by checkmate"]

1. e4 g6 2. d4 Bg7 3. Nc3 c5 4.
Be3 cxd4 5. Bxd4 Nf6 6. Nf3 Nc6 7. Be3 Ng4 8. Bg5 Qb6 9. Qe2 Qxb2 10. Rd1 Qxc3+ 11.
Bd2 Qa3 12. h3 Nf6 13. Qc4 O-O 14. h4 h5 15. Ng5 d6 16. Be2 Ne5 17. Qb5 a6 18.
Qb1 b5 19. O-O Be6 20. f4 Neg4 21. f5 Bxa2 22. Qa1 Qc5+ 23. Kh1 Bc4 24. Bxc4 bxc4 25.
fxg6 fxg6 26. Be1 Nxe4 27. Rxf8+ Rxf8 28. Qxg7+ Kxg7 29. Ne6+ Kg8 30. Nxc5 Nxc5 31. Ra1 Rf1# 0-1

[Event "Late-Titled-Tuesday-Blitz-May-07-2024"]
[Site "Chess.com"]
[Date "2024.05.07"]
[Round "7"]
[White "Godzillator"]
[Black "TheDiscoOne"]
[Result "1-0"]
[WhiteElo "2357"]
[BlackElo "2498"]
[TimeControl "180+1"]
[EndTime "15:14:08 PDT"]
[Termination "Godzillator won by checkmate"]

1. c4 g6 2. e4 Bg7 3. d4 c5 4. d5 d6 5. h4 h5 6. Bd3 e6 7. Bg5 Qb6 8. Nd2 exd5 9. exd5 Nf6 10. Rb1 O-O 11. Ne2 Nbd7 12. Nf3 Re8 13. O-O Ne5 14.
Nxe5 Rxe5 15. f4 Rxg5 16. hxg5 Ng4 17. Qd2 Bd7 18. f5 Be5 19. fxg6 Rf8 20. gxf7+ Rxf7 21. Rxf7 Kxf7 22. Rf1+ Kg7 23. Nf4 Be8 24. Ne6+ Kg8 25. Rf8# 1-0

[Event "Late-Titled-Tuesday-Blitz-May-07-2024"]
[Site "Chess.com"]
[Date "2024.05.07"]
[Round "7"]
[White "jk13"]
[Black "banjadvorovi"]
[Result "1-0"]
[WhiteElo "2623"]
[BlackElo "2459"]
[TimeControl "180+1"]
[EndTime "15:14:12 PDT"]
[Termination "jk13 won by resignation"]

1. e4 d6 2. d4 Nf6 3. Nc3 Nc6 4. Be3 e5 5. Nge2 Ng4 6. Bc1 exd4 7. Nxd4 Nxd4 8. Qxd4 Qf6 9. Qd2 c6 10. h3 Ne5 11. f4 Ng6 12. Qf2 h5 13. g3 Be7 14.
Be3 Bf8 15. O-O-O b6 16. Bg2 Bb7 17. e5 dxe5 18. f5 Bc5 19. Bxc5 bxc5 20. Ne4 1-0

[Event "Late-Titled-Tuesday-Blitz-May-07-2024"]
[Site "Chess.com"]
[Date "2024.05.07"]
[Round "7"]
[White "Chessdude1987"]
[Black "PawnEatingZombie"]
[Result "1-0"]
[WhiteElo "2398"]
[BlackElo "2261"]
[TimeControl "180+1"]
[EndTime "15:14:15 PDT"]
[Termination "Chessdude1987 won by resignation"]

1. e4 c5 2. Nf3 Nc6 3. Bb5 g5 4. Nxg5 Nf6 5. Bxc6 dxc6 6. Qe2 e5 7. d3 Rg8 8. f4 Bg4 9. Qf2 Rxg5 10. fxg5 Nxe4 11. Qh4 Qa5+ 12. Nd2 Nxd2 13. Bxd2 Qa4 14. h3 Qxc2 15. Qxg4 Rd8 16. Qe2 Bg7 17. Bc3 1-0

[Event "Late-Titled-Tuesday-Blitz-May-07-2024"]
[Site "Chess.com"]
[Date "2024.05.07"]
[Round "7"]
[White "GlavkonVVS"]
[Black "Kostukov_Alex"]
[Result "1-0"]
[WhiteElo "2657"]
[BlackElo "2365"]
[TimeControl "180+1"]
[EndTime "15:14:17 PDT"]
[Termination "GlavkonVVS won by resignation"]

1. c4 g6 2. Nc3 Bg7 3. Nf3 c5 4. g3 Nf6 5. Bg2 O-O 6. O-O Nc6 7. d3 d5 8. cxd5 Nxd5 9. Bd2 Nc7 10. a3 b6 11. Rc1 Bb7 12. Qa4 Ne6 13. b4 cxb4 14.
axb4 Ne5 15. Nxe5 Bxg2 16. Nxf7 Rxf7 17. Kxg2 Nd4 18. Qa2 e6 19. Be3 Qd7 20. Ne4 Nf5 21.
Bxb6 Nd6 22. Rc7 Qxc7 23. Bxc7 Nxe4 24. dxe4 Rxc7 25. Qxe6+ Kh8 26. Rd1 Rf8 27. Rd7 Rxd7 28.
Qxd7 h5 29. Qxa7 1-0

[Event "Late-Titled-Tuesday-Blitz-May-07-2024"]
[Site "Chess.com"]
[Date "2024.05.07"]
[Round "7"]
[White "klifus"]
[Black "dianamirza"]
[Result "0-1"]
[WhiteElo "2138"]
[BlackElo "1949"]
[TimeControl "180+1"]
[EndTime "15:14:17 PDT"]
[Termination "dianamirza won by resignation"]

1. e4 c5 2. Nf3 e6 3. d3 b5 4.
g3 Nc6 5. Bg2 Bb7 6. O-O Nf6 7.
Nbd2 d5 8. e5 Nd7 9. Re1 Qc7 10.
Qe2 Be7 11. Nf1 O-O 12. Bf4 Rac8 13. Ne3 Nd4 14. Qd2 Nxf3+ 15. Bxf3 d4 16. Ng4 Bxf3 17. Nf6+ Kh8 18. Nxd7 Qxd7 19. h3 Ba8 20. Qe2 Qd5 21. Qe4 Qxe4 22. dxe4 c4 23. Rad1 Rfd8 24. Re2 d3 25.
cxd3 cxd3 26. Red2 Bxe4 27. f3 Bxf3 28. Rxd3 Bxd1 29.
Rxd8+ Rxd8 0-1

[Event "Late-Titled-Tuesday-Blitz-May-07-2024"]
[Site "Chess.com"]
[Date "2024.05.07"]
[Round "7"]
[White "hsd2016"]
[Black "Cambek64"]
[Result "1-0"]
[WhiteElo "2367"]
[BlackElo "2511"]
[TimeControl "180+1"]
[EndTime "15:14:18 PDT"]
[Termination "hsd2016 won by resignation"]

1. e4 e6 2. d4 d5 3. exd5 exd5 4. c4 c6 5. cxd5 cxd5 6. Nc3 Nc6 7. h3 h6 8. Nf3 Nf6 9. Bb5 Bd6 10. O-O O-O 11. Re1 Be6 12. Ne5 Rc8 13. Bf4 Na5 14. Qd2 a6 15. Bd3 Nc4 16. Nxc4 dxc4 17. Bxd6 Qxd6 18.
Be2 Rfd8 19. Rad1 b5 20. a3 Qb6 21. Bf3 Rc7 22. Qf4 Rcd7 23. d5 Nxd5 24. Nxd5 Bxd5 25. Rxd5 Rxd5 26. Bxd5 Rxd5 27. Re8+ Kh7 28. Qe4+ Qg6 29. Qxd5 1-0

[Event "Late-Titled-Tuesday-Blitz-May-07-2024"]
[Site "Chess.com"]
[Date "2024.05.07"]
[Round "7"]
[White "szachmistrz2500"]
[Black "Stanbad1"]
[Result "0-1"]
[WhiteElo "2464"]
[BlackElo "2619"]
[TimeControl "180+1"]
[EndTime "15:14:20 PDT"]
[Termination "Stanbad1 won by resignation"]

1. d4 Nf6 2. c4 c5 3. d5 b5 4. cxb5 a6 5. b6 e6 6. Nc3 Nxd5 7. Nxd5 exd5 8. Qxd5 Nc6 9. e4 Be7 10. Bc4 O-O 11.
Nf3 Qxb6 12. O-O d6 13. Ng5 Ne5 14. Qxa8 Bb7 15. Qxf8+ Kxf8 16. Bd5 Bxd5 17. exd5 h6 18. Ne4 Qb4 19. Nc3 Qg4 20. f4 Nd3 21. Ne4 Qf5 22. Nf2 Nxc1 23. Raxc1 Bf6 24. b3 Qxf4 25. Kh1 Be5 26.
g3 Qf3+ 27. Kg1 Bd4 28. Rc2 h5 29. Re1 g5 30. Kf1 h4 31. gxh4 gxh4 32. Rce2 h3 33. Re8+ Kg7 34. R1e2 Qg2+ 35. Ke1 Qg1+ 36. Kd2 Bxf2 0-1

[Event "Late-Titled-Tuesday-Blitz-May-07-2024"]
[Site "Chess.com"]
[Date "2024.05.07"]
[Round "7"]
[White "rdarruda"]
[Black "SRob2003"]
[Result "0-1"]
[WhiteElo "2564"]
[BlackElo "2692"]
[TimeControl "180+1"]
[EndTime "15:14:25 PDT"]
[Termination "SRob2003 won by resignation"]

1. d4 d5 2. Nf3 Nf6 3. g3 c5 4.
Bg2 Nc6 5. c3 Bf5 6. O-O e6 7.
Be3 Qb6 8. Qb3 c4 9. Qxb6 axb6 10. Nbd2 h6 11. h3 Bd6 12. g4 Bh7 13. a3 Ra5 14.
Ne1 Rb5 15. Ra2 O-O 16. f4 Ra8 17. Nef3 Rba5 18. Ne5 b5 19. Nxc6 bxc6 20. Raa1 b4 21. cxb4 Bxb4 22. Rac1 Bf8 23. Nb1 Rb5 24. f5 Rxb2 25. Bd2 exf5 26. gxf5 Bxa3 27. Bc3 Rxe2 28. Nxa3 Rxa3 29. Ra1 Rxc3 30. Ra8+ Re8 0-1

[Event "Late-Titled-Tuesday-Blitz-May-07-2024"]
[Site "Chess.com"]
[Date "2024.05.07"]
[Round "7"]
[White "boguszp"]
[Black "lilylg"]
[Result "1-0"]
[WhiteElo "2057"]
[BlackElo "2220"]
[TimeControl "180+1"]
[EndTime "15:14:29 PDT"]
[Termination "boguszp won by resignation"]

1. d4 d5 2. Nf3 e6 3. Bf4 f5 4. e3 Nf6 5. h3 Bd6 6. Ne5 O-O 7.
Be2 c6 8. O-O Qe7 9. c4 Nbd7 10.
Nd2 Ne4 11. Ndf3 Ndf6 12. c5 Bc7 13. Qc2 Bd7 14. b4 Be8 15. a4 h6 16. b5 g6 17.
Rfb1 g5 18. Bh2 Bh5 19. bxc6 bxc6 20. Rb7 Ne8 21. a5 a6 22. Qb2 g4 23. Nxc6 Qg7 24.
Be5 Qg6 25. Ne7+ 1-0

[Event "Late-Titled-Tuesday-Blitz-May-07-2024"]
[Site "Chess.com"]
[Date "2024.05.07"]
[Round "7"]
[White "SharathRk6"]
[Black "besarquis"]
[Result "1-0"]
[WhiteElo "2467"]
[BlackElo "2296"]
[TimeControl "180+1"]
[EndTime "15:14:37 PDT"]
[Termination "SharathRk6 won by resignation"]

1. e4 c5 2. Nf3 Nc6 3. Bb5 g6 4. O-O Bg7 5. d3 e5 6. Bxc6 dxc6 7. Be3 b6 8. a4 a5 9. Na3 Ne7 10. Nc4 Qc7 11. c3 O-O 12. b4 axb4 13. cxb4 cxb4 14. Bxb6 Qb8 15. Bc5 Re8 16. Rb1 Bg4 17. Rxb4 Qc7 18. h3 Be6 19. Bd6 Qa7 20. Bxe5 c5 21. Rb1 Qxa4 22.
Bxg7 Kxg7 23. Qxa4 Rxa4 24. Nb6 Ra3 25. d4 cxd4 26. Nxd4 Bc8 27. Nb5 Ra6 28. Nc7 Rxb6 29. Nxe8+ 1-0

[Event "Late-Titled-Tuesday-Blitz-May-07-2024"]
[Site "Chess.com"]
[Date "2024.05.07"]
[Round "7"]
[White "Vazabanga"]
[Black "Zhigalko_Sergei"]
[Result "0-1"]
[WhiteElo "2690"]
[BlackElo "2883"]
[TimeControl "180+1"]
[EndTime "15:14:46 PDT"]
[Termination "Zhigalko_Sergei won by resignation"]

1. d4 Nf6 2. c4 e6 3. g3 c5 4. d5 exd5 5. cxd5 d6 6. Nc3 g6 7. Bg2 Bg7 8. Nf3 O-O 9. O-O Re8 10. Nd2 a6 11. a4 Nbd7 12. Nc4 Ne5 13. Na3 Nh5 14. e4 b5 15. axb5 axb5 16. Ncxb5 Ba6 17. Bd2 Qb6 18. g4 Nf6 19. g5 Nfd7 20. f4 Bxb5 21. fxe5 Bxf1 22. Qxf1 Qxb2 23. Nc4 Qxa1 0-1

[Event "Late-Titled-Tuesday-Blitz-May-07-2024"]
[Site "Chess.com"]
[Date "2024.05.07"]
[Round "7"]
[White "Navyblue1"]
[Black "profaVa"]
[Result "0-1"]
[WhiteElo "2226"]
[BlackElo "2377"]
[TimeControl "180+1"]
[EndTime "15:14:47 PDT"]
[Termination "profaVa won by resignation"]

1. d4 d5 2. c4 e5 3. dxe5 d4 4.
Nf3 Nc6 5. a3 Nge7 6. e3 Nf5 7.
exd4 Nfxd4 8. Nxd4 Qxd4 9. Qxd4 Nxd4 10. Kd1 Nb3 11. Ra2 Bf5 12. Nd2 O-O-O 13. Be2 Bb1 14. Ra1 Nxa1 15. Bg4+ Kb8 16. Ke2 Bd3+ 17. Kf3 Nc2 18. Kg3 Nd4 19. Re1 h5 20. Bf3 h4+ 21. Kh3 Bf5+ 22. Bg4 Bxg4+ 23. Kxg4 Ne6 24. Nf3 Bc5 25.
Be3 Bxe3 26. Rxe3 Rh6 27. Kf5 Nd4+ 28. Ke4 Nxf3 29. Rxf3 f6 30. e6 Re8 31. Kf5 Rh5+ 32. Kg6 Re5 33. Kxg7 R5xe6 34. Kg6 c6 35. Rh3 Re2 36.
Rf3 Rxb2 37. Rxf6 Rg8+ 38. Kf7 Rxg2 39. Ke7 Rgxf2 40. Rd6 Rbe2+ 0-1

[Event "Late-Titled-Tuesday-Blitz-May-07-2024"]
[Site "Chess.com"]
[Date "2024.05.07"]
[Round "7"]
[White "HajiyevKanan"]
[Black "ab-lsv"]
[Result "1-0"]
[WhiteElo "2555"]
[BlackElo "2373"]
[TimeControl "180+1"]
[EndTime "15:14:48 PDT"]
[Termination "HajiyevKanan won on time"]

1. d4 d5 2. Nf3 Nf6 3. c4 c6 4.
cxd5 cxd5 5. Nc3 Nc6 6. Bg5 Ne4 7. Bf4 Qa5 8. Qb3 e6 9. e3 Bb4 10. Rc1 Bd7 11. Bd3 O-O 12. O-O Nxc3 13. bxc3 Ba3 14. Rb1 Nd8 15. Qc2 g6 16. Ne5 Ba4 17. Qd2 Rc8 18. Bh6 Re8 19. Ng4 Be7 20. Rfc1 f5 21. Ne5 Ba3 22. Re1 Qxc3 23. Qe2 Bc2 24. Bxc2 Qxc2 25.
Qb5 Re7 26. Qa5 Bd6 27. Bg5 Rec7 28. h4 b6 29. Qa6 1-0

[Event "Late-Titled-Tuesday-Blitz-May-07-2024"]
[Site "Chess.com"]
[Date "2024.05.07"]
[Round "7"]
[White "HaryKane"]
[Black "gxbg2000"]
[Result "1-0"]
[WhiteElo "2539"]
[BlackElo "2066"]
[TimeControl "180+1"]
[EndTime "15:14:58 PDT"]
[Termination "HaryKane won by resignation"]

1. e4 e5 2. Nf3 Nc6 3. d4 exd4 4. Bc4 Be7 5. O-O d6 6. Nxd4 Nf6 7. Nc3 O-O 8. Re1 Nxd4 9. Qxd4 Be6 10. Bb3 Qd7 11.
Bg5 h6 12. Bh4 Rfe8 13. Rad1 Nh7 14. Bxe7 Qxe7 15. h3 a6 16. Qd2 Kf8 17. f4 Bxb3 18. axb3 Nf6 19. Qd4 Qe6 20. Na4 Nd7 21. e5 Rad8 22.
Qb4 b5 23. exd6 Qxe1+ 24. Rxe1 Rxe1+ 25. Qxe1 bxa4 26. Qe7+ 1-0

[Event "Late-Titled-Tuesday-Blitz-May-07-2024"]
[Site "Chess.com"]
[Date "2024.05.07"]
[Round "7"]
[White "sudtirolese06"]
[Black "Mikayel99"]
[Result "0-1"]
[WhiteElo "2450"]
[BlackElo "2599"]
[TimeControl "180+1"]
[EndTime "15:14:59 PDT"]
[Termination "Mikayel99 won by checkmate"]

1. e4 d5 2. exd5 Nf6 3. d4 Nxd5 4. c4 Nb6 5. Nf3 g6 6. c5 Nd5 7. Bc4 Bg7 8. Nc3 Nxc3 9. bxc3 O-O 10. O-O b6 11.
cxb6 axb6 12. Qb3 Nc6 13. Ng5 e6 14. Bd3 Bb7 15. Qc2 Ra5 16. Ne4 e5 17. Rd1 exd4 18. Bf4 dxc3 19. Rac1 Nd4 20. Qb1 Qa8 21. Nxc3 Bxg2 22.
Bxc7 Rg5 23. f4 Bh3+ 24. Kf2 Rg2+ 25. Ke1 Nf3+ 26. Kf1 Nxh2+ 27. Ke1 Re8+ 28. Be4 Nf3+ 29. Kf1 Rh2# 0-1

[Event "Late-Titled-Tuesday-Blitz-May-07-2024"]
[Site "Chess.com"]
[Date "2024.05.07"]
[Round "7"]
[White "andrew-blr"]
[Black "Zampronha1971"]
[Result "1-0"]
[WhiteElo "2602"]
[BlackElo "2456"]
[TimeControl "180+1"]
[EndTime "15:15:03 PDT"]
[Termination "andrew-blr won by resignation"]

1. d4 Nf6 2. c4 e6 3. Nc3 Bb4 4. a3 Bxc3+ 5. bxc3 b6 6. f3 Ba6 7. e4 Nc6 8. Bd3 Na5 9. Qe2 c5 10. Bg5 h6 11. Bh4 Rc8 12. e5 g5 13. Bf2 Nh5 14.
g3 cxd4 15. cxd4 Bxc4 16. Bxc4 Nxc4 17. f4 Ng7 18. Nf3 b5 19. fxg5 hxg5 20. g4 a6 21. h4 gxh4 22. Bxh4 Qa5+ 23. Kf2 Qc3 24. Bf6 Rg8 25.
Rac1 Qxa3 26. Ra1 Qf8 27. Rxa6 Rb8 28. Ra7 Rh8 29. Rha1 Nb6 30. R1a6 Nd5 31. Ra8 1-0